 Dungeon Crawl Stone Soup version 0.31-a0-150-g89dc3ad700 (webtiles) character file.

Game seed: 6963820571485146506

25699 qw the Marksgargoyle (level 13, 0/84 HPs)
             Began as a Gargoyle Hunter on June 8, 2023.
             Was an Elder of Okawaru.
             Slain by a tyrant leech (9 damage)
             ... on level 3 of the Lair of Beasts.
             The game lasted 00:05:13 (12106 turns).

qw the Marksgargoyle (Gargoyle Hunter)             Turns: 12106, Time: 00:05:14

Health: 0/84       AC: 27    Str: 21    XL:     13   Next: 21%
Magic:  20/20      EV: 17    Int: 11    God:    Okawaru [****..]
Gold:   1046       SH:  0    Dex: 20    Spells: 12/12 levels left

rFire   + . .        Y - +5 orcbow (chaos)
rCold   . . .        (shield currently unavailable)
rNeg    + . .        h - +4 ring mail {rF+}
rPois   inf          (no helmet)
rElec   +            a - +0 cloak
rCorr   .            k - +2 pair of gloves
SInv    .            m - +0 pair of boots "Woshihea" {*Slow rElec Dex+3 Stlth+}
Will    .....        s - amulet of regeneration
Stlth   ++++         i - +6 ring of strength
HPRegen 1.14/turn    (no ring)
MPRegen 0.17/turn

%: slow self (1%)
@: heroic
A: sickness immunity, AC +9, negative energy resistance 1, electricity
resistance, torment resistance 1, petrification resistance
a: Renounce Religion, Heroism, Finesse


You were on level 3 of the Lair of Beasts.
You worshipped Okawaru.
Okawaru was greatly pleased with you.
You visited 3 branches of the dungeon, and saw 14 of its levels.
You also visited: Ossuary.

You collected 1046 gold pieces.


Innate Abilities, Weirdness & Mutations

You are immune to sickness and miasma.
Your stone body is resilient. (AC +9)
You are immune to poison.
You resist negative energy. (rN+)
You are resistant to electric shocks. (rElec)
You are resistant to unholy torment.
You are immune to petrification.


   Skills:
 + Level 10.9(15.9) Fighting
 - Level 16.0(21.0) Ranged Weapons
 - Level 6.0(11.0) Armour
 - Level 5.0(10.0) Dodging
 - Level 1.1(6.1) Stealth
 - Level 10.0 Invocations


You had 12 spell levels left.
You didn't know any spells.
Your spell library was empty.

Inventory:

Hand Weapons
 p - the +3 shortbow of Fip Ceps {speed, rF+}
   (You found it on level 3 of the Lair of Beasts)

   rF:        It protects you from fire.
 Y - a +5 orcbow of chaos (weapon)
Armour
 a - a +0 cloak (worn)
 h - a +4 ring mail of fire resistance (worn)
 k - a +2 pair of gloves (worn)
 l - a +0 troll leather armour
 m - the +0 pair of boots "Woshihea" (worn) {*Slow rElec Dex+3 Stlth+}
   (You found it on level 10 of the Dungeon)

   Dex:       It affects your dexterity (+3).
   rElec:     It insulates you from electricity.
   *Slow:     It may slow you when you take damage.
   Stlth:     It makes you more stealthy.
Jewellery
 c - a ring of positive energy
 i - a +6 ring of strength (left hand)
 o - a ring of fire
 s - an amulet of regeneration (around neck)
Scrolls
 e - 3 scrolls of identify
Potions
 b - 3 potions of curing
 d - a potion of magic
 f - 2 potions of haste
 g - 2 potions of resistance
 j - 4 potions of might
 n - a potion of cancellation
 q - a potion of mutation

Dungeon Overview and Level Annotations

Branches:
Dungeon (10/15)            Temple (1/1) D:4            Lair (3/5) D:10
 Spider (0/4) Lair:2          Orc (0/2) D:9         Ossuary (visited)
  Swamp: Lair:2-3    Shoals: Lair:2-3

Altars:
Ashenzari
Cheibriados
Dithmenos
Elyvilon
Fedhas
Gozag
Hepliaklqana
Kikubaaqudgha
Makhleb
Nemelex Xobeh
Okawaru
Qazlal
Ru
Sif Muna
Trog
Uskayaw
Vehumet
Wu Jian
Xom
Yredelemnul
Zin
The Shining One

Shops:
D:2 =

Annotations:
Lair:1 3 runed translucent doors, qw's ghost, journeyman MiHu
Lair:2 1 runed translucent door


Message History

The six-headed hydra bites you but does no damage. x2
The six-headed hydra closely misses you.
The six-headed hydra bites you but does no damage. x2
The six-headed hydra misses you.
You shoot an arrow. The arrow hits the six-headed hydra!
You feel better.
The six-headed hydra is almost dead.
The six-headed hydra bites you. The six-headed hydra bites you!
The six-headed hydra closely misses you.
The six-headed hydra bites you but does no damage.
The six-headed hydra barely misses you. The six-headed hydra bites you!
You shoot an arrow. The arrow hits the six-headed hydra.
The six-headed hydra is almost dead.
The six-headed hydra bites you but does no damage.
The six-headed hydra bites you. The six-headed hydra bites you!
The six-headed hydra bites you but does no damage.
The six-headed hydra bites you! The six-headed hydra barely misses you.
You shoot an arrow. The arrow hits the six-headed hydra!
The arrow freezes the six-headed hydra.
You kill the six-headed hydra!
Okawaru accepts your kill.
You shoot an arrow. The arrow hits the tyrant leech!
The tyrant leech looks as sick as possible!
The tyrant leech is moderately wounded.
The tyrant leech closely misses you.
You shoot an arrow. The arrow misses the tyrant leech.
The tyrant leech misses you.
You shoot an arrow.
The arrow closely misses the tyrant leech.
The tyrant leech misses you.
You shoot an arrow. The arrow hits the tyrant leech!!
The tyrant leech is severely wounded.
You shoot an arrow.
The arrow closely misses the tyrant leech.
The tyrant leech bites you!
You shoot an arrow. The arrow hits the tyrant leech!
The arrow burns the tyrant leech.
You kill the tyrant leech!
Okawaru accepts your kill. The tyrant leech bites you!
You die...

77## ##...#.#.. ...7
777.P###....###.. 777...
7............#... ~~~~..
77..######.......
~~~~~~7 7..P# ##.....##
~~~~~~~ 7...# #........
~~~.. 77.## ##.#....#
77777.w77..## #...##...
.......@....#####..##...
..######...###.##.###...
#.#.........##....
###.........###...
###P#PP....#....
#####...##....
#....#.... ####....#P...
.............


You could see a tyrant leech.

Vanquished Creatures
  Harold (D:10)
  2 hydras
  2 centaur warriors (D:10)
  2 tengu warriors (D:10)
  Nergalle (Lair:2)
  An ugly thing (D:7)
  A manticore (D:6)
  6 elephants (Lair:1)
  5 cane toads
  A torpor snail (Lair:3)
  An unseen horror (D:10)
  7 komodo dragons
  2 rime drakes
  A tengu conjurer (D:10)
  A polar bear (Lair:3)
  A meliai (shapeshifter) (D:10)
  A queen bee (shapeshifter) (D:10)
  Grinder (D:4)
  3 trolls
  A tyrant leech (Lair:3)
  A hornet (D:9)
  4 blink frogs (Lair:3)
  3 dream sheep (Lair:3)
  2 wyverns
  2 wraiths
  A shadow (D:6)
  21 yaks
  2 basilisks
  8 water moccasins
  7 orc warriors
  3 sky beasts
  A black bear (D:6)
  2 ogres
  2 ice beasts (D:6)
  16 wolves
  4 centaurs
  2 phantoms
  8 bullfrogs
  2 kobold brigands
  2 scorpions
  4 wights
  12 killer bees
  4 howler monkeys
  2 electric eels (D:10)
  2 jellies
  4 hounds
  6 orc priests
  2 gnoll boudas
  Ijyb (D:4)
  2 iguanas
  9 orc wizards
  9 mummies
  10 gnolls
  6 adders
  2 shadow imps
  2 white imps
  2 worms
  A dart slug (D:3)
  43 orcs
  8 bats
  4 endoplasms
  5 giant cockroaches
  2 gnoll zombies (Ossuary)
  10 goblins
  7 hobgoblins
  5 jackals
  3 quokkas
  5 ball pythons
  A frilled lizard (D:1)
  3 hobgoblin zombies (Ossuary)
  13 kobolds
  A kobold zombie (Ossuary)
  2 orc zombies (Ossuary)
  6 rats
332 creatures vanquished.

Vanquished Creatures (others)
  An orc (D:10)
1 creature vanquished.

Grand Total: 333 creatures vanquished

Notes
Turn   | Place    | Note
-------+----------+-------------------------------------------
     0 | D:1      | qw the Gargoyle Hunter began the quest for the Orb.
     0 | D:1      | Reached XP level 1. HP: 12/12 MP: 1/1
     0 | D:1      | 0 ||| qw: Version: 0.2-a-119-g7aa9181
     0 | D:1      | 0 ||| qw: Game counter: 2808
     0 | D:1      | 0 ||| qw: Always use a shield: true
     0 | D:1      | 0 ||| qw: God list: Okawaru
     0 | D:1      | 0 ||| qw: Allow faded altars: false
     0 | D:1      | 0 ||| qw: Do Orc after D:15 true
     0 | D:1      | 0 ||| qw: Do second Lair branch before Depths: true
     0 | D:1      | 0 ||| qw: Lair rune preference: random
     0 | D:1      | 0 ||| qw: Plans: Normal
     0 | D:1      | 0 ||| PLANNING D:1-11
   121 | D:1      | Reached XP level 2. HP: 17/17 MP: 2/2
   380 | D:1      | You fall into a shaft and drop 1 floor!
   395 | D:2      | 395 ||| UPGRADING to +0 pair of gloves.
   400 | D:2      | 400 ||| READING scroll labelled UZIRENITZY.
   401 | D:2      | 401 ||| READING 2 scrolls labelled XAYJ BISUD.
   402 | D:2      | 402 ||| READING 2 scrolls labelled YXZABUVIAT.
   403 | D:2      | 403 ||| DROPPING scroll of butterflies.
   404 | D:2      | 404 ||| DROPPING scroll of amnesia.
   809 | D:1      | Reached XP level 3. HP: 17/21 MP: 3/3
  1036 | D:2      | Reached skill level 5 in Ranged Weapons
  1227 | D:2      | Found Rutidef's Jewellery Emporium.
  1259 | D:2      | 1259 ||| SHOPLISTING +6 ring of dexterity (396 gold, have
                  | 45).
  1259 | D:2      | 1259 ||| SHOPLISTING +6 ring of strength (396 gold, have
                  | 45).
  1259 | D:2      | 1259 ||| SHOPLISTING amulet of reflection (330 gold, have
                  | 45).
  1259 | D:2      | 1259 ||| SHOPLISTING amulet of regeneration (330 gold, have
                  | 45).
  1259 | D:2      | 1259 ||| SHOPLISTING ring "Siuddun" {Will+ rCorr Int+2
                  | Stlth+} (435 gold, have 45).
  1259 | D:2      | 1259 ||| SHOPLISTING ring of protection from cold (275
                  | gold, have 45).
  1259 | D:2      | 1259 ||| SHOPLISTING ring of resist corrosion (220 gold,
                  | have 45).
  1291 | D:2      | Reached skill level 3 in Fighting
  1950 | D:2      | 1950 ||| UPGRADING to +0 ring mail.
  1960 | D:2      | 1960 ||| DROPPING +0 leather armour.
  1961 | D:2      | 1961 ||| UPGRADING to +2 pair of gloves.
  1971 | D:2      | 1971 ||| DROPPING +0 pair of gloves.
  1972 | D:2      | 1972 ||| UPGRADING to +6 ring of strength.
  1973 | D:2      | 1973 ||| READING scroll labelled TOTZARH NATI.
  2074 | D:2      | 2074 ||| READING scroll labelled JUCAIDD JASCH.
  2074 | D:2      | Identified a scroll of acquirement
  2074 | D:2      | 2074 ||| ACQUIRING +1 heavy orcbow
  2074 | D:2      | Acquired a +1 heavy orcbow
  2076 | D:2      | 2076 ||| SWAPPING to +1 heavy orcbow.
  2077 | D:2      | 2077 ||| DROPPING +0 shortbow.
  2078 | D:2      | 2078 ||| DRINKING 2 clear potions.
  2079 | D:2      | 2079 ||| READING 4 scrolls of identify.
  2079 | D:2      | 2079 ||| IDENTIFYING viscous pink potion
  2080 | D:2      | 2080 ||| READING 3 scrolls of identify.
  2080 | D:2      | 2080 ||| IDENTIFYING grey potion
  2081 | D:2      | 2081 ||| DROPPING potion of brilliance.
  2082 | D:2      | 2082 ||| DROPPING potion of degeneration.
  2145 | D:3      | Reached XP level 4. HP: 28/28 MP: 4/4
  2221 | D:3      | Reached skill level 1 in Armour
  2635 | D:3      | Identified the +7 chain mail of Muttered Phrases {rPois rF+
                  | Str+3}
  2716 | D:3      | 2716 ||| UPGRADING to amulet of the acrobat.
  2721 | D:3      | 2721 ||| READING scroll labelled DIJ EKHLYOSKE.
  2722 | D:3      | 2722 ||| READING scroll labelled PYCZOZ XUNEM.
  2740 | D:3      | 2740 ||| READING 3 scrolls of identify.
  2740 | D:3      | 2740 ||| IDENTIFYING fuming ruby potion
  2741 | D:3      | 2741 ||| READING 2 scrolls of identify.
  2741 | D:3      | 2741 ||| IDENTIFYING brown potion
  2890 | D:4      | Noticed Grinder
  2891 | D:4      | Paralysed by Grinder for 3 turns
  2900 | D:4      | Paralysed by Grinder for 3 turns
  2905 | D:4      | Paralysed by Grinder for 5 turns
  2912 | D:4      | Paralysed by Grinder for 5 turns
  2921 | D:4      | Paralysed by Grinder for 2 turns
  2923 | D:4      | Killed Grinder
  2924 | D:4      | Reached skill level 7 in Ranged Weapons
  2924 | D:4      | Reached XP level 5. HP: 26/32 MP: 5/5
  2924 | D:4      | Reached XP level 6. HP: 31/37 MP: 6/6
  3094 | D:4      | Noticed Ijyb
  3099 | D:4      | Killed Ijyb
  3115 | D:4      | Found a staircase to the Ecumenical Temple.
  3116 | D:4      | 3116 ||| PLANNING TEMPLE
  3116 | D:4      | 3116 ||| UPGRADING to +1 pair of boots.
  3121 | D:4      | 3121 ||| UPGRADING to +4 ring mail of fire resistance.
  3131 | D:4      | 3131 ||| DROPPING +0 ring mail.
  3132 | D:4      | 3132 ||| READING scroll labelled RAM SELOFREALA.
  3138 | Temple   | Entered the Ecumenical Temple
  3138 | Temple   | Found a transporter.
  3138 | Temple   | Found a transporter.
  3140 | Temple   | Found a transporter.
  3140 | Temple   | Found a transporter.
  3150 | Temple   | 3150 ||| PLANNING D:1-11
  3167 | Temple   | 3167 ||| PLANNING OKAWARU WORSHIP
  3174 | Temple   | Became a worshipper of Warmaster Okawaru
  3174 | Temple   | 3174 ||| PLANNING D:1-11
  3671 | D:4      | 3671 ||| READING 3 scrolls of identify.
  3671 | D:4      | 3671 ||| IDENTIFYING green potion
  3692 | D:5      | Entered Level 5 of the Dungeon
  3779 | D:5      | 3779 ||| Stepping ~*~*~tactically~*~*~ (outnumbered).
  3781 | D:5      | 3781 ||| Stepping ~*~*~tactically~*~*~ (outnumbered).
  3783 | D:5      | 3783 ||| Stepping ~*~*~tactically~*~*~ (outnumbered).
  3789 | D:5      | Reached XP level 7. HP: 39/43 MP: 7/7
  3824 | D:5      | HP: 8/43 [ogre/+0 giant club (15)]
  3825 | D:5      | 3825 ||| DRINKING potion of heal wounds.
  3826 | D:5      | Reached * piety under Okawaru
  3827 | D:5      | Reached skill level 8 in Ranged Weapons
  3959 | D:5      | Reached skill level 1 in Invocations
  4486 | D:5      | 4486 ||| READING scroll labelled HASI OTYKHYE.
  4512 | D:6      | 4512 ||| READING 3 scrolls of enchant weapon.
  4512 | D:6      | 4512 ||| ENCHANTING +2 heavy orcbow.
  4513 | D:6      | 4513 ||| READING 2 scrolls of enchant weapon.
  4513 | D:6      | 4513 ||| ENCHANTING +3 heavy orcbow.
  4514 | D:6      | 4514 ||| READING scroll of enchant weapon.
  4514 | D:6      | 4514 ||| ENCHANTING +4 heavy orcbow.
  4518 | D:6      | 4518 ||| INVOKING Heroism.
  4521 | D:6      | Reached XP level 8. HP: 49/49 MP: 6/10
  4588 | D:6      | 4588 ||| INVOKING Heroism.
  4589 | D:6      | 4589 ||| Stepping ~*~*~tactically~*~*~ (outnumbered).
  4596 | D:6      | Reached skill level 3 in Invocations
  4607 | D:6      | 4607 ||| INVOKING Heroism.
  4690 | D:6      | 4690 ||| FLEEEEING.
  4691 | D:6      | 4691 ||| FLEEEEING.
  4692 | D:6      | 4692 ||| FLEEEEING.
  4693 | D:6      | 4693 ||| FLEEEEING.
  4694 | D:6      | 4694 ||| FLEEEEING.
  4695 | D:6      | 4695 ||| FLEEEEING.
  4696 | D:6      | 4696 ||| FLEEEEING.
  4707 | D:6      | 4707 ||| INVOKING Heroism.
  4800 | D:6      | Reached skill level 9 in Ranged Weapons
  5282 | D:6      | Noticed a shadow
  5283 | D:6      | Noticed a troll
  5290 | D:6      | 5290 ||| INVOKING Heroism.
  5294 | D:6      | Killed a troll
  5295 | D:6      | Reached XP level 9. HP: 56/57 MP: 9/12
  5313 | D:6      | Noticed a troll
  5314 | D:6      | 5314 ||| INVOKING Heroism.
  5323 | D:6      | Killed a troll
  5365 | D:6      | Noticed a manticore
  5369 | D:6      | 5369 ||| INVOKING Heroism.
  5373 | D:6      | Killed a manticore
  5373 | D:6      | Reached ** piety under Okawaru
  5374 | D:6      | Reached skill level 10 in Ranged Weapons
  5530 | D:6      | 5530 ||| DROPPING ring of magical power.
  5531 | D:6      | 5531 ||| READING scroll labelled XAFRUA FIRU.
  5532 | D:6      | 5532 ||| READING 3 scrolls of identify.
  5532 | D:6      | 5532 ||| IDENTIFYING bubbling blue potion
  5533 | D:6      | 5533 ||| DROPPING potion of enlightenment.
  5567 | D:7      | 5567 ||| INVOKING Heroism.
  5621 | D:7      | Reached skill level 3 in Armour
  5682 | D:7      | Noticed a cyan ugly thing
  5688 | D:7      | Killed a cyan ugly thing
  5689 | D:7      | Reached skill level 3 in Dodging
  5747 | D:7      | 5747 ||| INVOKING Heroism.
  5819 | D:7      | 5819 ||| FLEEEEING.
  5820 | D:7      | 5820 ||| FLEEEEING.
  6006 | D:7      | 6006 ||| Stepping ~*~*~tactically~*~*~ (outnumbered).
  6034 | D:7      | Reached skill level 11 in Ranged Weapons
  6052 | D:7      | Reached XP level 10. HP: 46/63 MP: 13/13
  6053 | D:7      | 6053 ||| INVOKING Heroism.
  6368 | D:7      | 6368 ||| READING scroll labelled QOC KIGUNKOC.
  6371 | D:7      | 6371 ||| READING scroll labelled ETANUI PIOSH.
  6372 | D:7      | 6372 ||| DRINKING 2 metallic blue potions.
  6390 | D:8      | 6390 ||| PLANNING OSSUARY
  6581 | D:8      | Reached *** piety under Okawaru
  6585 | D:8      | 6585 ||| FLEEEEING.
  6586 | D:8      | 6586 ||| INVOKING Heroism.
  6590 | D:8      | 6590 ||| Stepping ~*~*~tactically~*~*~ (outnumbered).
  6623 | D:8      | Found a sand-covered staircase.
  6627 | D:8      | 6627 ||| READING 2 scrolls of identify.
  6627 | D:8      | 6627 ||| IDENTIFYING bubbling green potion
  6628 | D:8      | 6628 ||| DROPPING potion of ambrosia.
  6634 | Ossuary  | Entered an ossuary
  6776 | Ossuary  | 6776 ||| READING 2 scrolls of identify.
  6776 | Ossuary  | 6776 ||| IDENTIFYING inky potion
  6777 | Ossuary  | 6777 ||| DROPPING potion of berserk rage.
  6798 | D:8      | 6798 ||| PLANNING D:1-11
  6877 | D:8      | Found a broken altar of Ashenzari.
  6925 | D:8      | 6925 ||| INVOKING Heroism.
  6993 | D:8      | Reached skill level 12 in Ranged Weapons
  6996 | D:8      | 6996 ||| INVOKING Heroism.
  7548 | D:8      | 7548 ||| READING 2 scrolls of identify.
  7548 | D:8      | 7548 ||| IDENTIFYING fuming white potion
  7582 | D:9      | 7582 ||| STAIRDANCE
  7587 | D:8      | 7587 ||| INVOKING Heroism.
  7678 | D:9      | 7678 ||| STAIRDANCE
  7704 | D:9      | 7704 ||| INVOKING Heroism.
  7721 | D:9      | 7721 ||| STAIRDANCE
  7723 | D:8      | 7723 ||| INVOKING Heroism.
  7792 | D:9      | 7792 ||| INVOKING Heroism.
  7812 | D:9      | Found a staircase to the Orcish Mines.
  7842 | D:9      | 7842 ||| INVOKING Heroism.
  7848 | D:9      | Reached skill level 13 in Ranged Weapons
  7962 | D:9      | Found a snail-covered altar of Cheibriados.
  8046 | D:9      | 8046 ||| INVOKING Heroism.
  8127 | D:9      | Reached XP level 11. HP: 69/69 MP: 14/14
  8132 | D:9      | Reached skill level 9 in Fighting
  8288 | D:9      | Found a shimmering altar of Xom.
  8504 | D:9      | 8504 ||| UPGRADING to amulet of regeneration.
  8514 | D:9      | 8514 ||| DROPPING amulet of the acrobat.
  8515 | D:9      | 8515 ||| READING scroll labelled HOTZEMANIE.
  8516 | D:9      | 8516 ||| READING scroll labelled SUCRERU FAXTAI.
  8567 | D:10     | Entered Level 10 of the Dungeon
  8568 | D:10     | 8568 ||| INVOKING Heroism.
  8590 | D:10     | 8590 ||| STAIRDANCE
  8592 | D:9      | 8592 ||| DRINKING 4 potions of curing.
  8592 | D:9      | 8592 ||| (to cure confusion)
  8595 | D:9      | 8595 ||| INVOKING Heroism.
  8614 | D:9      | Reached **** piety under Okawaru
  8646 | D:10     | 8646 ||| INVOKING Heroism.
  8723 | D:10     | 8723 ||| INVOKING Heroism.
  8787 | D:10     | Noticed Harold
  8788 | D:10     | 8788 ||| INVOKING Heroism.
  8806 | D:10     | Killed Harold
  8807 | D:10     | Reached skill level 14 in Ranged Weapons
  9041 | D:10     | 9041 ||| INVOKING Heroism.
  9140 | D:10     | Found a staircase to the Lair.
  9316 | D:10     | Noticed a centaur warrior
  9316 | D:10     | Noticed a centaur warrior
  9316 | D:10     | Noticed a tengu warrior
  9316 | D:10     | Noticed a tengu warrior
  9317 | D:10     | 9317 ||| Stepping ~*~*~tactically~*~*~ (outnumbered).
  9319 | D:10     | 9319 ||| INVOKING Heroism.
  9320 | D:10     | 9320 ||| Stepping ~*~*~tactically~*~*~ (outnumbered).
  9330 | D:10     | Killed a centaur warrior
  9333 | D:10     | HP: 12/73 [tengu warrior/+0 battleaxe (8)]
  9334 | D:10     | 9334 ||| READING scroll of teleportation.
  9335 | D:10     | 9335 ||| DRINKING 2 potions of heal wounds.
  9594 | D:10     | 9594 ||| INVOKING Heroism.
  9594 | D:10     | HP: 13/73 [centaur warrior/arrow (19)]
  9595 | D:10     | 9595 ||| DRINKING potion of heal wounds.
  9598 | D:10     | Killed a centaur warrior
  9633 | D:10     | 9633 ||| INVOKING Heroism.
  9683 | D:10     | Identified the +0 pair of boots "Woshihea" {*Slow rElec
                  | Dex+3 Stlth+}
  9698 | D:10     | 9698 ||| INVOKING Heroism.
  9704 | D:10     | Killed a tengu warrior
  9743 | D:10     | Killed a tengu warrior
  9744 | D:10     | Reached XP level 12. HP: 73/78 MP: 16/16
  9753 | D:10     | 9753 ||| PLANNING LAIR
  9753 | D:10     | 9753 ||| UPGRADING to +0 cloak.
  9758 | D:10     | 9758 ||| UPGRADING to +0 pair of boots "Woshihea" {*Slow
                  | rElec Dex+3 Stlth+}.
  9768 | D:10     | 9768 ||| DROPPING +1 pair of boots.
  9769 | D:10     | 9769 ||| READING scroll labelled OVEKHA RE YNO.
  9797 | Lair:1   | Entered Level 1 of the Lair of Beasts
  9879 | Lair:1   | Reached skill level 6 in Invocations
  9906 | Lair:1   | 9906 ||| FLEEEEING.
  9920 | Lair:1   | 9920 ||| FLEEEEING.
  9920 | Lair:1   | Noticed qw's ghost (journeyman MiHu)
  9921 | Lair:1   | 9921 ||| FLEEEEING.
  9921 | Lair:1   | Noticed a minotaur
 10031 | Lair:1   | Reached ***** piety under Okawaru
 10038 | Lair:1   | 10038 ||| INVOKING Heroism.
 10166 | Lair:1   | Found a runed translucent gate.
 10166 | Lair:1   | Found a runed translucent gate.
 10166 | Lair:1   | Found a runed translucent gate.
 10172 | Lair:1   | 10172 ||| INVOKING Heroism.
 10291 | Lair:1   | 10291 ||| INVOKING Heroism.
 10407 | Lair:1   | 10407 ||| INVOKING Heroism.
 10428 | Lair:1   | Reached skill level 15 in Ranged Weapons
 10680 | Lair:1   | 10680 ||| DRINKING 2 silvery potions.
 10716 | Lair:1   | 10716 ||| READING 4 scrolls of identify.
 10716 | Lair:1   | 10716 ||| IDENTIFYING sedimented purple potion
 10717 | Lair:1   | 10717 ||| READING 3 scrolls of identify.
 10717 | Lair:1   | 10717 ||| IDENTIFYING fizzy white potion
 10718 | Lair:1   | 10718 ||| READING 2 scrolls of identify.
 10718 | Lair:1   | 10718 ||| IDENTIFYING fizzy grey potion
 10719 | Lair:1   | 10719 ||| DROPPING potion of attraction.
 10720 | Lair:1   | 10720 ||| DROPPING potion of lignification.
 10750 | Lair:2   | Identified the +2 robe of Bitterness {MP+9}
 10756 | Lair:2   | Noticed a six-headed hydra
 10757 | Lair:2   | 10757 ||| INVOKING Heroism.
 10763 | Lair:2   | Killed a six-headed hydra
 10810 | Lair:2   | 10810 ||| INVOKING Heroism.
 10843 | Lair:2   | Reached skill level 9 in Invocations
 10910 | Lair:2   | Noticed Nergalle
 10911 | Lair:2   | 10911 ||| INVOKING Heroism.
 10944 | Lair:2   | Killed Nergalle
 11031 | Lair:2   | 11031 ||| INVOKING Heroism.
 11057 | Lair:2   | Found a runed translucent door.
 11091 | Lair:2   | Identified the +5 dagger of Jabops {flame, rElec rF+++ rC-
                  | Dex+2} (Okawaru gifted it to you on level 2 of the Lair of
                  | Beasts)
 11091 | Lair:2   | Received a gift from Okawaru
 11378 | Lair:2   | Found a hole to the Spider Nest.
 11382 | Lair:2   | 11382 ||| INVOKING Heroism.
 11588 | Lair:2   | 11588 ||| DROPPING +2 robe of Bitterness {MP+9}.
 11639 | Lair:3   | Reached XP level 13. HP: 83/83 MP: 20/20
 11683 | Lair:3   | 11683 ||| INVOKING Heroism.
 11698 | Lair:3   | Reached skill level 16 in Ranged Weapons
 11757 | Lair:3   | Identified the +3 shortbow of Fip Ceps {speed, rF+}
 11763 | Lair:3   | 11763 ||| INVOKING Heroism.
 11847 | Lair:3   | 11847 ||| INVOKING Heroism.
 11855 | Lair:3   | Reached skill level 6 in Armour
 11889 | Lair:3   | 11889 ||| INVOKING Heroism.
 12089 | Lair:3   | 12089 ||| INVOKING Heroism.
 12099 | Lair:3   | HP: 14/83 [six-headed hydra (12)]
 12105 | Lair:3   | HP: 8/84 [tyrant leech (11)]
 12106 | Lair:3   | Slain by a tyrant leech

Levels and vault maps discovered:
D:1:      minmay_arrival_stone_box, layout_basic, serial_forest,
          infiniplex_forest_clump_long, infiniplex_forest_end_double,
          infiniplex_forest_lined_corner, infiniplex_forest_join,
          infiniplex_forest_lined_corner, infiniplex_forest_end_3
D:2:      minmay_chambers_of_ones, layout_basic, serial_shops, shop,
          interstate_on_off
D:3:      layout_loops_ring, corexii_hall_statues_x, minivault_23
D:4:      layout_basic, minmay_temple_entry_waves, minmay_statues_item,
          nicolae_the_louvre, uniq_grinder, uniq_ijyb
D:5:      layout_basic
D:6:      minmay_chambers_of_sixes, layout_loops_cross, lemuel_flame_loot_1
D:7:      layout_gridville
D:8:      layout_basic, evilmike_ruin_ashenzari, gup_ossuary_entry_pyramid
D:9:      layout_irregular_city, mainiacjoe_overflow_tiny_flanked,
          cheibriados_altar_1, erik_orc_4
D:10:     minmay_shrinking_squares, layout_basic, erik_lair_island, uniq_harold
Temple:   hellmonk_temple_divided_pantheon
Lair:1:   layout_hall_layers, maelrawn_ghost_gauntlet_escape,
          grunt_megastairs_1, lemuel_fruit_fields
Lair:2:   gammafunk_indiana_jones, layout_regular_city, dummy_spider_entry,
          uniq_nergalle
Lair:3:   layout_small_grid, palyth_hydra_swamp_entry, grunt_megastairs_2,
          serial_bayou_shore_b

Skill      XL: |  1  2  3  4  5  6  7  8  9 10 11 12 13 |
---------------+----------------------------------------+-----
Ranged Weapons | 5 7 8 9 11 13 14 15 16 | 16.0
Fighting       | 3 4 5 7 8 10 | 10.9
Armour         | 1 2 3 4 5 6 |  6.0
Invocations    | 2 4 5 9 10 | 10.0
Dodging        | 2 3 4 5 |  5.0
Stealth        | |  1.1

Action                     |  1- 3 |  4- 6 |  7- 9 | 10-12 | 13-15 || total
---------------------------+-------+-------+-------+-------+-------++-------
   Fire: Shortbow          |   153 |       |       |       |       ||   153
         Orcbow            |     1 |    84 |   140 |   694 |    89 ||  1008
 Invoke: Heroism           |       |       |     9 |    29 |     5 ||    43
    Use: Scroll            |     7 |     6 |     6 |    12 |       ||    31
         Potion            |     1 |       |     1 |     5 |       ||     7
 Armour: Leather armour    |    35 |       |       |       |       ||    35
         Ring mail         |       |    28 |    57 |   392 |    27 ||   504
  Dodge: Dodged            |    60 |    30 |    58 |   551 |    38 ||   737

Table legend:
 A = Non-vault XP
 B = Vault XP
 C = Vault XP percentage of total XP
 D = Non-vault monster count
 E = Vault monster count
 F = Vault count percentage of total count
                 A         B        C        D         E       F
            +---------+---------+-------+---------+---------+-------
      Total |   25431 |   11562 |  31.3 |     265 |      68 |  20.4
            +---------+---------+-------+---------+---------+-------
        D:1 |      35 |       0 |   0.0 |      20 |       0 |   0.0
        D:2 |      39 |       6 |  13.3 |      15 |       5 |  25.0
        D:3 |      38 |       0 |   0.0 |      12 |       0 |   0.0
        D:4 |      53 |     322 |  85.9 |       8 |       2 |  20.0
        D:5 |     652 |       0 |   0.0 |      17 |       0 |   0.0
        D:6 |     883 |    1422 |  61.7 |      24 |       6 |  20.0
        D:7 |    1853 |       0 |   0.0 |      26 |       0 |   0.0
        D:8 |    1444 |     186 |  11.4 |      28 |       4 |  12.5
        D:9 |    2991 |     590 |  16.5 |      35 |      15 |  30.0
       D:10 |    2397 |    5703 |  70.4 |      22 |      13 |  37.1
     Lair:1 |    5633 |     730 |  11.5 |      16 |       2 |  11.1
     Lair:2 |    5975 |     777 |  11.5 |      29 |       1 |   3.3
     Lair:3 |    3438 |    1669 |  32.7 |      13 |       4 |  23.5
    Ossuary |       0 |     157 | 100.0 |       0 |      16 | 100.0
            +---------+---------+-------+---------+---------+-------
